 Dungeon Crawl Stone Soup version 0.29.1-15-g9cfb28693d (webtiles) character file.

Game seed: 560892783570662022

2142 Gabide the Ruffian (level 9, -7/71 HPs)
             Began as a Mummy Berserker on Apr 17, 2023.
             Was a Believer of Trog.
             Mangled by a gargoyle
             ... wielding a +0 mace
              (10 damage)
             ... on level 7 of the Dungeon.
             The game lasted 00:18:30 (8347 turns).

Gabide the Ruffian (Mummy Berserker)                Turns: 8347, Time: 00:18:30

Health: -7/71      AC: 10    Str: 25    XL:     9   Next: 9%
Magic:  9/9        EV: 12    Int:  6    God:    Trog [**....]
Gold:   15         SH:  0    Dex: 11    Spells: 8/8 levels left

rFire   . . .      SeeInvis .     - Unarmed
rCold   + + .      Faith    .   (no shield)
rNeg    + + +      Spirit   .   f - +2 ring mail {rC+}
rPois   ∞          Reflect  .   (no helmet)
rElec   .          Harm     .   a - +1 cloak
rCorr   .          Rampage  .   (no gloves)
Will    ++++.                   h - +0 pair of boots
Stlth   +.........              (no amulet)
HPRegen 1.21/turn               b - ring of protection from fire
MPRegen 0.11/turn               d - ring of willpower

@: about to teleport, strong-willed, regenerating
A: cold resistance 1, negative energy resistance 3, torment resistance 2, heat
vulnerability 1, in touch with death 1, no potions
a: Renounce Religion, Trog's Hand


You were on level 7 of the Dungeon.
You worshipped Trog.
Trog was pleased with you.
You visited 1 branch of the dungeon, and saw 7 of its levels.
You also visited: Ossuary.

You collected 290 gold pieces.
You spent 275 gold pieces at shops.

Inventory:

Armour
 a - a +1 cloak (worn)
 f - a +2 ring mail of cold resistance (worn)
 h - a +0 pair of boots (worn)
Jewellery
 b - a ring of protection from fire (left hand)
 d - a ring of willpower (right hand)
 i - a ring of see invisible
 m - a ring of ice
Wands
 l - a wand of flame (25)
Scrolls
 c - a scroll of fear
 e - 6 scrolls of teleportation
 g - a scroll of brand weapon
 n - a scroll of magic mapping


   Skills:
 + Level 6.7 Fighting
 - Level 1.5 Armour
 + Level 5.2 Dodging
 * Level 7.6 Unarmed Combat


You had 8 spell levels left.
You didn't know any spells.
Your spell library was empty.

Dungeon Overview and Level Annotations

Branches:
Dungeon (7/15)             Temple (0/1) D:4         Ossuary (visited)

Altars:
Ashenzari
Cheibriados
Makhleb
Ru
Sif Muna
Vehumet

Shops:
D:3 =


Innate Abilities, Weirdness & Mutations

You are immune to poison.
Your flesh is cold resistant. (rC+)
You are immune to negative energy. (rN+++)
You are immune to unholy pain and torment.
You are vulnerable to heat. (rF-)
You are in touch with the powers of death.
You do not drink.


Message History

You throw a silver javelin.
The silver javelin pierces through the gargoyle but does no damage.
The gargoyle is lightly damaged.
You throw a silver javelin.
The silver javelin barely misses the gargoyle.
The gargoyle hurls a stone arrow at you.
The stone arrow hits you!!
You throw a silver javelin.
The silver javelin pierces through the gargoyle.
The gargoyle is lightly damaged.
Nothing quivered!
Okay, then.
The gargoyle hurls a stone arrow at you.
The stone arrow hits you.
You hit the gargoyle.
The gargoyle is lightly damaged.
The gargoyle hits you with a +0 mace!
You hit the gargoyle but do no damage.
The gargoyle is lightly damaged.
The gargoyle closely misses you.
You completely miss the gargoyle.
The gargoyle is lightly damaged.
The gargoyle hurls a stone arrow at you.
The stone arrow hits you but does no damage.
You hit the gargoyle but do no damage.
The gargoyle is lightly damaged.
You punch the gargoyle!
The gargoyle is heavily damaged.
The gargoyle hurls a stone arrow at you.
The stone arrow hits you!!
* * * LOW HITPOINT WARNING * * *
You hit the gargoyle.
The gargoyle is heavily damaged.
The gargoyle hurls a stone arrow at you.
The stone arrow hits you!!
* * * LOW HITPOINT WARNING * * *
You can't drink.
As you read the scroll of teleportation, it crumbles to dust.
You feel strangely unstable. The gargoyle hits you with a +0 mace!
You die...

...## .# #.......###........ ..##
.# #.......# #.#...... [###
##.#####......# #........ (#)##
#.....##....#.# .#...... .##.##
##...#..#....#.# #.#.(....
...#.###...###.#....#.###.#......
.#.###......#..#....#.....##..###
.##..'.........'....########...##
...###..#......#@..........#.....
... #.###...###9.!...#.##...<.##
.## #..#...## #......#(....####
.# ##.....# #......#.....# +#
####.## ##.....#.#....# #.#
#...(#####....# #.#
#.##(#........# ..#
#....#.#####..# .##
##.#..#.#####.(#


You could see a gargoyle.

Vanquished Creatures
  A cyclops (D:7)
  A vampire mosquito (D:7)
  An acid dragon (D:7)
  An ice beast (D:6)
  A black bear (D:4)
  An ogre (D:5)
  3 scorpions
  A necrophage (D:7)
  A gnoll sergeant (D:7)
  A howler monkey (D:6)
  4 centaur zombies (Ossuary)
  3 orc priests
  4 hounds
  A gnoll bouda (D:6)
  A jelly (D:5)
  Terence (D:3)
  2 iguanas (D:4)
  Ijyb (D:3)
  3 iron imps (D:4)
  3 orc wizards
  4 mummies (Ossuary)
  3 gnolls (D:6)
  11 adders
  A shadow imp (D:7)
  2 white imps
  3 worms
  4 dart slugs
  8 orcs
  8 endoplasms
  3 giant cockroaches
  6 goblins
  6 hobgoblins
  A quokka (D:5)
  10 ball pythons
  6 bats
  A frilled lizard (D:1)
  5 hobgoblin zombies (Ossuary)
  3 kobolds
  10 rats
130 creatures vanquished.

Notes
Turn   | Place    | Note
-------+----------+-------------------------------------------
     0 | D:1      | Gabide the Mummy Berserker began the quest for the Orb.
     0 | D:1      | Reached XP level 1. HP: 18/18 MP: 1/1
   298 | D:1      | Reached XP level 2. HP: 24/24 MP: 2/2
  1025 | D:1      | Reached skill level 3 in Unarmed Combat
  1405 | D:2      | Gained mutation: You are in touch with the powers of death.
                  | [Mummy growth]
  1405 | D:2      | Reached XP level 3. HP: 21/29 MP: 3/3
  1537 | D:2      | Reached ** piety under Trog
  2245 | D:3      | Reached XP level 4. HP: 26/35 MP: 4/4
  2682 | D:3      | Found Gays's Jewellery Shop.
  3135 | D:3      | Noticed Ijyb
  3202 | D:3      | Killed Ijyb
  3297 | D:3      | Noticed Terence
  3312 | D:3      | Killed Terence
  3313 | D:3      | Reached XP level 5. HP: 42/42 MP: 5/5
  3471 | D:4      | Found a sacrificial altar of Ru.
  3615 | D:4      | Found a burning altar of Makhleb.
  3632 | D:4      | Reached skill level 4 in Unarmed Combat
  3907 | D:4      | Reached XP level 6. HP: 38/48 MP: 6/6
  3970 | D:4      | Found a broken altar of Ashenzari.
  3971 | D:4      | Found a radiant altar of Vehumet.
  3971 | D:4      | Found a shimmering blue altar of Sif Muna.
  4198 | D:4      | Found a staircase to the Ecumenical Temple.
  4279 | D:4      | Found a snail-covered altar of Cheibriados.
  4322 | D:5      | Entered Level 5 of the Dungeon
  4346 | D:5      | Reached skill level 5 in Unarmed Combat
  4346 | D:5      | Reached XP level 7. HP: 24/55 MP: 7/7
  4774 | D:5      | Found a sand-covered staircase.
  4779 | Ossuary  | Entered an ossuary
  5117 | Ossuary  | Reached skill level 5 in Fighting
  6284 | D:5      | Reached skill level 6 in Unarmed Combat
  6284 | D:5      | Reached XP level 8. HP: 63/63 MP: 8/8
  7127 | D:7      | Reached *** piety under Trog
  7468 | D:7      | Noticed a gargoyle
  7469 | D:7      | Noticed a cyclops
  7469 | D:7      | Noticed a two-headed ogre
  7484 | D:7      | Reached skill level 7 in Unarmed Combat
  7486 | D:7      | Killed a cyclops
  7487 | D:7      | Reached skill level 5 in Dodging
  7487 | D:7      | Reached XP level 9. HP: 46/71 MP: 9/9
  7944 | D:3      | Bought a ring of willpower for 275 gold pieces
  8346 | D:7      | HP: 2/71 [gargoyle/stone arrow (18)]
  8347 | D:7      | Mangled by a gargoyle

Illustrated notes

Levels and vault maps discovered:
D:1:      dpeg_arrival_boxorama, layout_basic
D:2:      layout_basic
D:3:      layout_basic, serial_shops, shop, minmay_misc_feat_tiny, uniq_ijyb,
          uniq_terence
D:4:      layout_rooms, demons_altar,
          chequers_temple_overflow_statue_of_worship, mainiacjoe_overflow_swirl,
          minmay_temple_entry_antechambers
D:5:      layout_basic, enter_ossuary_2
D:6:      layout_basic, serial_glass, glass_columns_a, glass_columns_a,
          glass_columns_a, glass_columns_b
D:7:      minmay_the_grid_plus_closed [minmay_the_grid_fan, minmay_the_grid_x,
          minmay_the_grid_outer_diamond, minmay_the_grid_eight,
          minmay_the_grid_prize_trominoes], layout_cave_pools,
          serial_co_window_serial, co_window_of_opportunity_a,
          co_window_paths_b, co_window_of_opportunity_a, co_window_corner_a,
          co_window_paths_b, co_window_2corner, co_window_corner_ca,
          co_window_of_opportunity_c, co_window_of_opportunity_b,
          co_window_of_opportunity_b, co_window_corner_b, co_window_broadway_b,
          glass_columns_a, glass_columns_a, glass_columns_c,
          gammafunk_ghost_wrathful_warriors

Skill      XL: |  1  2  3  4  5  6  7  8 |
---------------+-------------------------+-----
Unarmed Combat | 3 4 5 6 7 |  7.6
Dodging        | 2 3 4 5 |  5.2
Fighting       | 4 5 6 |  6.7
Armour         | |  1.5

Action                   |  1- 3 |  4- 6 |  7- 9 || total
-------------------------+-------+-------+-------++-------
Melee: Unarmed           |   172 |   250 |   309 ||   731
       Punch             |     6 |    12 |    11 ||    29
Throw: Javelin           |       |       |    10 ||    10
Invok: Trog's Hand       |     1 |     2 |     9 ||    12
Evoke: Wand              |       |     3 |    20 ||    23
  Use: Scroll            |     3 |     2 |    10 ||    15
 Stab: Paralysed         |       |    12 |    18 ||    30
Armor: Ring mail         |    70 |    76 |   139 ||   285
Dodge: Dodged            |   106 |   105 |   228 ||   439
